 Dungeon Crawl Stone Soup version 0.31-a0-133-gaae73658be (webtiles) character file.

Game seed: 2743003001236863094

90 jasper the Covered (level 5, 0/46 HPs)
             Began as a Meteoran Fighter on June 2, 2023.
             Slain by an ogre
             ... wielding a +0 giant club
              (15 damage)
             ... on level 4 of the Dungeon.
             The game lasted 00:02:46 (433 turns).

jasper the Covered (Meteoran Fighter)                Turns: 433, Time: 00:02:48

Health: 0/46       AC: 11    Str: 19    XL:     5   Next: 11%
Magic:  6/6        EV:  7    Int:  9    God:
Gold:   63         SH:  5    Dex: 14    Spells: 4/4 levels left

rFire   . . .        a - +0 war axe
rCold   . . .        c - +0 buckler
rNeg    . . .        o - +2 chain mail {rPois}
rPois   +            (no helmet)
rElec   .            (no cloak)
rCorr   .            (no gloves)
SInv    .            (no boots)
Will    .....        (no amulet) Stlth
                     (no ring)
HPRegen 0.27/turn    (no ring)
MPRegen 0.10/turn

%: no passive effects
@: glowing
A: sense surroundings 1, otherworldly, glowing, explore regen
a: no special abilities


You were on level 4 of the Dungeon.
You visited 1 branch of the dungeon, and saw 4 of its levels.

You collected 63 gold pieces.

Inventory:

Hand Weapons
 a - a +0 war axe (weapon)
 m - the +10 mace "Boforian" {venom, Int-5 Dex+7 SInv}
   (You found it on level 3 of the Dungeon)

   Int:       It affects your intelligence (-5).
   Dex:       It affects your dexterity (+7).
   SInv:      It lets you see invisible.
Missiles
 j - 5 javelins (quivered)
 n - 4 poisoned darts
Armour
 b - a +0 scale mail
 c - a +0 buckler (worn)
 o - a +2 chain mail of poison resistance (worn)
Jewellery
 h - a ring of ice
Scrolls
 f - a scroll of butterflies {unknown}
 k - a scroll of vulnerability {unknown}
 l - a scroll of identify {unknown}
 p - a scroll of teleportation {unknown}
Potions
 d - a potion of might
 e - a potion of mutation {unknown}
 g - 2 potions of curing {unknown}
 i - a potion of brilliance {unknown}


   Skills:
 + Level 3.8 Fighting
 * Level 4.0 Axes
 + Level 4.3 Armour
 + Level 4.2 Shields


You had 4 spell levels left.
You didn't know any spells.
Your spell library was empty.

Dungeon Overview and Level Annotations

Branches:
Dungeon (4/15) Zot: 1939
 Temple: D:4-7

Altars:
Qazlal


Innate Abilities, Weirdness & Mutations

You passively map a small area around you.
You are easily found by Zot.
You glow in the dark.
You regain HP and MP as you explore.


Message History

You hit the endoplasm. The endoplasm freezes you.
You are frozen.
Your Axes skill increases to level 4!
You have reached level 5!
MP restored: 6 You hit the endoplasm but do no damage.
The endoplasm is lightly wounded.
The endoplasm freezes you.
You are frozen.
The endoplasm freezes you.
You are frozen.
You take 6 damage, and have 34/46 hp.
You slash the endoplasm!
You kill the endoplasm!
Found a scroll labelled DIM NADGHIROKOLIY.
Found a stormy altar of Qazlal.
You regained 3 hp, and now have 39/46 hp.
You now have 63 gold pieces (gained 14).
You regained 4 hp, and now have 43/46 hp.
Found a murky clear potion.
Health restored: 46
p - a scroll labelled DIM NADGHIROKOLIY An ogre comes into view.
It is wielding a +0 giant club.
The ogre shouts!
The ogre closely misses you.
You hit the ogre.
The ogre is lightly wounded.
An orc comes into view. It is wielding a +0 whip.
The ogre hits you with a +0 giant club!
You take 13 damage, and have 33/46 hp.
MASSIVE DAMAGE!!
The orc shouts!
You hit the ogre.
The ogre is moderately wounded.
The ogre hits you with a +0 giant club!!
You take 18 damage, and have 15/46 hp.
MASSIVE DAMAGE!!
You slash the ogre!
The ogre is severely wounded.
The ogre hits you with a +0 giant club!
You die...

, ** ##, ...##.
....**.....## . ,
......, ..., ......# , ,
......**##.. , ,.......
......###.., * ....... ,
..........# ***,.......,
* #........# ,.......
##o.....######.......
#...O@................
,,
#.~..............#.... *
#...§............##.#. *
#...§.§~...........#...
# , ,
,,....§.§.~............#
, . ,
........§...........###,
.#
#.#...................#
....................###
#.........<.†....#


You could see an ogre and an orc.

Vanquished Creatures
  Terence (D:3)
  3 adders
  2 worms
  A dart slug (D:4)
  An orc (D:3)
  7 ball pythons
  A bat (D:2)
  2 endoplasms
  A goblin (D:2)
  2 hobgoblins (D:3)
  4 kobolds
  2 quokkas (D:3)
  A frilled lizard (D:2)
  2 rats
30 creatures vanquished.

Notes
Turn   | Place    | Note
-------+----------+-------------------------------------------
     0 | D:1      | jasper the Meteoran Fighter began the quest for the Orb.
     0 | D:1      | Reached XP level 1. HP: 19/19 MP: 2/2
    11 | D:2      | Reached XP level 2. HP: 26/26 MP: 3/3
    52 | D:2      | Reached XP level 3. HP: 30/31 MP: 4/4
   294 | D:3      | Reached XP level 4. HP: 39/39 MP: 5/5
   312 | D:3      | Identified the +10 mace "Boforian" {venom, Int-5 Dex+7
                  | SInv}
   324 | D:3      | Noticed Terence
   343 | D:3      | Killed Terence
   403 | D:4      | Reached XP level 5. HP: 40/46 MP: 6/6
   408 | D:4      | Found a stormy altar of Qazlal.
   427 | D:4      | Noticed an ogre
   433 | D:4      | Slain by an ogre

Illustrated notes

Levels and vault maps discovered:
D:1:      amcnicky_arrival_blooded_trapdoor, layout_basic,
          hellmonk_ecumenical_altar_dog_temple, serial_glass, glass_columns_a,
          glass_columns_a, nrook_loot_triangle
D:2:      layout_rooms, basic_altar, hangedman_abyss_or_decor_lesser_grid,
          hex_large
D:3:      layout_rooms, st_stairs_3, uniq_terence
D:4:      layout_cave_pools, mainiacjoe_overflow_cross_hatched,
          marbit_many_paths, nicolae_qazlal_scattered_showers,
          minmay_temple_entry_mist, minmay_between, uniq_duvessa

Skill      XL: |  1  2  3  4 |
---------------+-------------+-----
Axes           | 3 4 |  4.0
Armour         | 4 |  4.3
Shields        | 4 |  4.2
Fighting       | |  3.8

Action                     |  1- 3 |  4- 6 || total
---------------------------+-------+-------++-------
  Melee: War axe           |    40 |    31 ||    71
         Mace              |       |     5 ||     5
 Armour: Scale mail        |    18 |     8 ||    26
         Chain mail        |       |    12 ||    12
  Dodge: Dodged            |    17 |    13 ||    30
  Block: Buckler           |    12 |    12 ||    24

Table legend: (Time is in decaauts)
 A = Elapsed time spent in this place.
 B = Non-inter-level travel time spent in this place.
 C = Inter-level travel time spent in this place.
 D = Time resting spent in this place.
 E = Time spent auto-exploring this place.
 F = Levels seen in this place.
 G = Mean time per level.
                   A        B        C        D        E       F      G
               +--------+--------+--------+--------+--------+-----+--------+
         Total |    459 |    459 |      0 |      0 |      0 |   4 |  114.8 |
       Dungeon |    459 |    459 |      0 |      0 |      0 |   4 |  114.8 |
               +--------+--------+--------+--------+--------+-----+--------+

Top non-repeatable levels by time:
     D:2: 220 daAuts
     D:3: 195 daAuts
     D:4: 38 daAuts
     D:1: 5 daAuts
